Construct Infanterie Kompanie
Selects Luftwaffe Battlegroup
Selects Luftwaffe Pioneer Support
Fallschirmpioneer Squad Paradrop
Selects Flak 38 Anti-Air Emplacement
Construct Luftwaffe Kompanie
Selects Stuka Strafing Run
Selects Fallschirmjäger Squad Paradrop
Construct Panzergrenadier Kompanie
Selects Fragmentation Bombs
Pak 40 Anti-tank Gun Team
Construct Panzer Kompanie
Selects Infantry Reserves
Fallschirmjäger Squad Paradrop